 Dungeon Crawl Stone Soup version 0.14.2 (webtiles) character file.

535158 Trafet the Wrestler (level 24, -18/236 (240) HPs)
             Began as a Troll Wizard on Apr 20, 2015.
             Was a High Priest of Cheibriados.
             Demolished by a titan (35 damage)
             ... on Level 5 of the Vaults.
             The game lasted 04:50:02 (63503 turns).

Trafet the Wrestler (Troll Wizard)                 Turns: 63503, Time: 04:50:02

HP -18/236 (240) AC 23     Str 34      XL: 24   Next: 38%
MP   9/30        EV 17     Int 38      God: Cheibriados [*****.]
Gold 5507        SH 47     Dex 22      Spells:  7 memorised, 16 levels left

rFire  + + +     SeeInvis .       - Unarmed
rCold  . . .     Clarity  .     v - +1 fire dragon armour
rNeg   + . .     Conserve +     w - +0 large shield
rPois  .         rCorr    +     h - +1 hat {MR+}
rElec  .         rRot     .     x - +2 cloak {rCorr, Cons}
SustAb . .       Spirit   .     (gloves unavailable)
rMut   .         Warding  .     (boots unavailable)
Gourm  +         Stasis   .     i - amulet of resist corrosion
MR     ++...                    B - ring "Ceath" {+cTele rF++ rC+ Int+2}
                                g - ring of positive energy

@: repel missiles, very slow, very resistant to hostile enchantments, extremely
unstealthy
A: unfitting armour, beak, claws 3, fast metabolism 3, gourmand, regeneration 2,
saprovore 2, shaggy fur 1, tough skin 2, weak 1
a: Bend Time, Temporal Distortion, Slouch, Step From Time, Renounce Religion,
Evoke Teleport Control
}: 3/15 runes: serpentine, barnacled, silver


You were on level 5 of the Vaults.
You worshipped Cheibriados.
Cheibriados was extremely pleased with you.
You were very full.

You visited 9 branches of the dungeon, and saw 48 of its levels.
You visited the Abyss 1 time.
You also visited: Labyrinth, Trove, Volcano and Wizlab.

You collected 7126 gold pieces.
You spent 1619 gold pieces at shops.

Inventory:

Hand weapons
 d - the +0,+0 spear "Nyhuvau" {holy, rElec rPois rF++ rC++ Dex+2}
   (You found it on level 3 of the Elven Halls)

   It has been blessed by the Shining One to cause great damage to the undead
   and demons.
   It affects your dexterity (+2).
   It greatly protects you from fire.
   It greatly protects you from cold.
   It insulates you from electricity.
   It protects you from poison.
Missiles
 k - 6 poisoned javelins (quivered)
 E - 5 large rocks
 F - 10 silver javelins
Armour
 h - a +1 hat of magic resistance (worn)
 v - a +1 fire dragon armour (worn)
 w - a +0 large shield (worn)
 x - a +2 cloak of preservation (worn)
 J - a +0 storm dragon armour
Magical devices
 l - a wand of teleportation (3)
 p - a wand of draining (1)
 L - a wand of heal wounds (2)
 M - a wand of invisibility (2)
 X - a wand of lightning (4)
 Y - a wand of digging (4)
 Z - a wand of paralysis (7)
Comestibles
 m - 22 apples
 s - a bread ration
 S - 16 honeycombs
Scrolls
 t - 4 scrolls of amnesia
 u - 4 scrolls of teleportation
 A - 5 scrolls of blinking
 G - 2 scrolls of acquirement
 H - 2 scrolls of magic mapping
 N - 4 scrolls of fear
 Q - 11 scrolls of remove curse
 R - a scroll of brand weapon
 T - a scroll of holy word
 W - a scroll of identify
Jewellery
 a - an uncursed ring of see invisible
 b - an uncursed ring of poison resistance
 c - an uncursed ring of protection from fire
 g - a ring of positive energy (left claw)
 i - an amulet of resist corrosion (around neck)
 j - an uncursed ring of sustain abilities
 n - an uncursed ring of wizardry
 o - the ring "Ydghuros" {+Fly rC+ Acc-5 SInv}
   (You took it off a deep elf annihilator on level 3 of the Elven Halls)

   [ring of protection from cold]

   It affects your accuracy with ranged weapons and melee attacks (-5).
   It enhances your eyesight.
   It lets you fly.
 q - the ring of Cloucu {Hunger- rC+}
   (You found it in a treasure trove)

   [ring of sustenance]

   It protects you from cold.
 y - an uncursed ring of regeneration
 B - the ring "Ceath" (right claw) {+cTele rF++ rC+ Int+2}
   (You found it on level 2 of the Depths)

   [ring of teleport control]

   It affects your intelligence (+2).
   It greatly protects you from fire.
   It protects you from cold.
 K - an uncursed amulet of clarity {unknown}
 O - an uncursed ring of sustain abilities
 P - the amulet of Ekeynwuts {Stasis rElec SInv Stlth+}
   (You took it off a deep elf knight on level 5 of the Vaults)

   [amulet of stasis]

   It insulates you from electricity.
   It enhances your eyesight.
   It makes you much more stealthy.
 U - a cursed ring of teleportation
Potions
 e - 6 potions of curing
 f - a potion of lignification {unknown}
 r - 4 potions of restore abilities
 C - 2 potions of resistance
 D - 2 potions of magic
Books
 V - the Papyrus of Aerial Poisoning
   (You found it on level 1 of the Abyss)

   Spells                             Type                      Level
   Poison Weapon                      Charms/Poison                3
   Spider Form                        Transmutation/Poison         3
   Silence                            Hexes/Air                    5
   Tornado                            Air                          9
Miscellaneous
 I - a plain deck of defence
Rods
 z - a +4 lightning rod (10/10)
   (You took it off a vault warden on level 5 of the Vaults)


   Skills:
 - Level 14.1 Fighting
 - Level 6.0 Throwing
 - Level 17.5 Armour
 - Level 10.6 Dodging
 - Level 1.1 Stealth
 - Level 15.0 Shields
 - Level 23.0 Unarmed Combat
 + Level 6.0 Spellcasting
 - Level 4.0 Conjurations
 - Level 0.6 Summonings
 + Level 7.1 Translocations
 - Level 5.4 Invocations


You had 16 spell levels left.
You knew the following spells:

 Your Spells              Type           Power        Failure   Level  Hunger
a - Magic Dart            Conj           ####         1%          1    None
b - Blink                 Tloc           N/A          1%          2    None
c - Repel Missiles        Chrm/Air       ##....       4%          2    None
d - Mephitic Cloud        Conj/Pois/Air  ###.....     8%          3    None
e - Summon Butterflies    Summ           ###.....     2%          1    None
f - Controlled Blink      Tloc           N/A          97%         7    #######
g - Regeneration          Chrm/Necr      ##........   10%         3    None


Dungeon Overview and Level Annotations

Branches:
Dungeon (15/15)            Temple (0/1) D:7             Orc (4/4) D:9
    Elf (3/3) Orc:3          Lair (8/8) D:11         Shoals (5/5) Lair:5
  Snake (5/5) Lair:5        Slime (0/6) Lair:7       Vaults (5/5) D:14
  Blade (1/1) Vaults:4      Crypt (0/5) Vaults:3     Depths (2/5) D:15

Altars:
Cheibriados
Dithmenos
Elyvilon
Fedhas
Nemelex Xobeh
Okawaru
Trog
Vehumet
Zin
The Shining One

Shops:
D:6 [   D:10 [   D:12 [   Orc:4 *!!(   Elf:2 [   Snake:1 *(   Vaults:3 =
Vaults:5 }

Portals:
Hell: Depths:1 Depths:2

Annotations:
Lair:1 exclusion: oklob plant


Innate Abilities, Weirdness & Mutations

You are too large for most types of armour.
You have claws for hands.
Your metabolism is lightning-fast.
You like to eat raw meat.
You heal very quickly.
You can eat rotten meat.
You are covered in fur (AC +1).
You have very tough skin (AC +2).
You have a beak for a mouth.
You are weak. (Str -2)


Message History

You block the azure jelly's attack. x2
The azure jelly hits you but does no damage.
You block the azure jelly's attack.
You are too injured to fight recklessly!
You are too injured to fight recklessly!
You are too injured to fight recklessly!
Use which ability? (? or * to list)
You can feel time thicken for a moment.
Cheibriados reduces the support of your attributes as your movement quickens.
You block the iron troll's attack. x2
The iron troll claws you.
* * * LOW HITPOINT WARNING * * *
You block the azure jelly's attack. The azure jelly hits you!
* * * LOW HITPOINT WARNING * * *
The azure jelly freezes you!
* * * LOW HITPOINT WARNING * * *
You block the azure jelly's attack. The azure jelly hits you.
* * * LOW HITPOINT WARNING * * *
The titan hits you!
You die...

#.......# ..$∩$. #.......#..
#.......##..$$$. #......##..
#.......# #.... ##......##..
##.......# #.%.
##.......##..
#........###.###[......###..
....................## #..
........%.........# #..
........TC..........# #..
........@J...........##..
..............#####...#..
####.....##### #.....
#################....
......(..............
.....................
####################


You could see a titan (bleeding), an iron troll and an azure jelly shaped
shifter.

Vanquished Creatures
  Boris (Vaults:4)
  A golden dragon (Vaults:5)
  3 bone dragons (Depths:2)
  A Brimstone Fiend (Elf:3)
  2 large abominations
  A Hellbinder (WizLab)
  7 tentacled monstrosities
  5 titans
  A deep elf blademaster (Elf:3)
  A quicksilver dragon (Vaults:5)
  2 deep elf master archers (Elf:3)
  3 liches
  3 krakens
  9 tengu reavers
  7 sphinxes
  A storm dragon (Vaults:3)
  Agnes (Shoals:1)
  Frances (D:14)
  3 shadow dragons
  The ghost of kroki the Severer, a mighty MiCK of Trog (Snake:2)
  Roxanne (Snake:1)
  Ilsuiw (Shoals:5)
  15 greater nagas
  2 ghouls (Vaults:3)
  Maud (D:14)
  4 frost giants
  18 vault wardens
  A balrug (WizLab)
  3 fire giants
  6 deep elf sorcerers
  Aizul (Shoals:1)
  3 emperor scorpions
  4 cacodemons
  An orc warlord (Vaults:1)
  Gastronok (D:13)
  9 deep elf demonologists
  The ghost of trelanon the Geomancer, a powerful VSMo of Cheibriados (Orc:3)
  17 stone giants
  A vampire knight (Depths:2)
  A lorocyproca (WizLab)
  9 deep elf annihilators (Elf:3)
  A curse skull (Vaults:3)
  3 dire elephants
  A small abomination (Vaults:4)
  3 merfolk javelineers
  A jiangshi (Vaults:3)
  2 crystal guardians (Vaults:3)
  9 deep elf death magi
  Snorg (Snake:1)
  A green death (WizLab)
  4 fire dragons
  13 ettins
  14 yaktaur captains
  5 deep elf high priests
  37 vault guards
  9 merfolk impalers
  18 ironheart preservers
  Josephine (Shoals:1)
  A minotaur (Lab)
  6 sirens
  8 hydras
  Fannar (Lair:4)
  Harold (D:10)
  4 ice dragons
  A rakshasa (Depths:1)
  22 naga warriors
  22 anacondas
  2 satyrs
  2 ravenous item mimics
  6 spectral elves (Elf:3)
  22 dancing weapons (Blade)
  An alligator snapping turtle (Shoals:5)
  3 orc high priests (Orc:4)
  A tengu warrior (D:13)
  3 merfolk aquamancers
  2 spriggan berserkers (Depths:2)
  16 ogre magi
  A plague shambler (Vaults:3)
  Urug (Snake:1)
  17 centaur warriors
  14 death yaks
  4 shock serpents
  10 naga sharpshooters
  A catoblepas (Depths:2)
  Nergalle (Lair:2)
  4 iron trolls
  6 very ugly things
  6 fire crabs
  3 soul eaters (WizLab)
  23 deep elf knights
  A fire crab (shapeshifter) (Depths:2)
  The ghost of Trafet the Grappler, an experienced TrWz of Kikubaaqudgha (D:9)
  2 ice devils
  A salamander mystic (Snake:4)
  2 hell beasts (Elf:3)
  5 hell knights
  8 water nymphs
  A flayed ghost (Depths:1)
  10 hill giants
  8 deep trolls
  8 wizards
  An unseen horror (D:10)
  12 sea snakes
  A water nymph (shapeshifter) (Vaults:5)
  9 naga ritualists
  A swamp dragon (shapeshifter) (Vaults:5)
  2 giant orange brains (Depths:1)
  10 deep elf summoners
  A hill giant (shapeshifter) (Vaults:5)
  15 orc knights
  4 wolf spiders
  19 deep elf conjurers
  20 ironbrand convokers
  A mana viper (shapeshifter) (Vaults:1)
  6 necromancers
  6 orc sorcerers
  An oklob plant (Lair:5)
  A shining eye (shapeshifter) (Depths:2)
  2 phantasmal warriors
  16 harpies
  A stone giant zombie (Vaults:2)
  A lindwurm (Lair:7)
  A black mamba (shapeshifter) (Vaults:3)
  A spectral human (Vaults:4)
  14 cyclopes
  8 mana vipers
  5 elephants (Lair:7)
  15 manticores
  2 red wasps (Vaults:2)
  A stone giant skeleton (Vaults:1)
  15 fauns
  A spriggan zombie (Depths:1)
  31 naga magi
  22 salamanders
  A fire giant skeleton (Vaults:1)
  11 griffons
  8 mermaids
  A mermaid (shapeshifter) (Vaults:5)
  48 black mambas
  14 guardian serpents
  A smoke demon (Elf:3)
  4 sixfirhies
  2 feature mimics
  9 drowned souls
  A tormentor (WizLab)
  Psyche (D:10)
  3 gargoyles
  13 spiny frogs
  6 kobold demonologists
  2 human zombies
  An efreet (D:15)
  17 vault sentinels
  5 demonic crawlers (Elf:2)
  4 freezing wraiths
  63 yaktaurs
  4 centaur zombies
  2 orange demons (WizLab)
  2 yaktaurs (shapeshifter)
  An item mimic (Elf:3)
  17 deep elf priests
  A jumping spider (shapeshifter) (Vaults:3)
  A troll (shapeshifter) (D:10)
  An ancient zyme (Abyss:1)
  Grinder (D:3)
  A queen bee (Lair:1)
  2 iron devils
  5 trolls
  A fire drake (Lair:5)
  A spriggan druid (Lair:8)
  A red devil (WizLab)
  A tengu conjurer (D:13)
  8 komodo dragons
  4 giant fireflies (Lair:8)
  2 jumping spiders
  Sonja (D:10)
  A boggart (Vaults:1)
  A polar bear (Lair:4)
  A blue devil (WizLab)
  38 merfolk
  6 boulder beetles
  5 wind drakes
  A stone giant simulacrum (Vaults:1)
  24 two-headed ogres
  A hydra skeleton (D:15)
  A baby alligator (shapeshifter) (D:14)
  A boulder beetle (shapeshifter) (Elf:1)
  A fire giant simulacrum (Depths:1)
  2 basilisks
  A raven (D:13)
  13 blink frogs
  15 snapping turtles
  A spectral orc (Lair:2)
  9 slime creatures
  9 redbacks
  26 deep elf magi
  12 grizzly bears
  4 vampires (Vaults:3)
  2 tarantellas
  A basilisk (shapeshifter) (Vaults:1)
  4 brown oozes (Lair:7)
  A wandering mushroom (Lair:7)
  2 griffon skeletons
  4 wraiths
  16 spriggans
  An elf zombie (D:15)
  22 water elementals
  3 hungry ghosts
  17 humans (Vaults:3)
  A steam dragon (D:10)
  53 yaks
  2 ynoxinuls (WizLab)
  Eustachio (D:4)
  A chaos spawn (Elf:3)
  3 elephant slugs
  2 wyverns
  14 hippogriffs
  29 deep elf fighters
  13 sharks
  45 ugly things
  52 wolves
  86 nagas
  A deep troll zombie (Vaults:2)
  A yaktaur simulacrum (Depths:1)
  A naga (shapeshifter) (Vaults:1)
  Edmund (D:4)
  21 vampire mosquitoes
  4 wargs
  24 water moccasins
  6 mottled dragons
  7 porcupines
  6 ice beasts
  5 necrophages
  3 tengu skeletons
  31 orc warriors
  2 phantoms
  5 giant goldfish
  A manticore zombie (Shoals:1)
  5 sky beasts
  A deep troll simulacrum (Depths:1)
  7 black bears
  10 spiders
  2 yellow wasps
  The ghost of Trafet the Ruffian, an average TrWz (D:3)
  A black bear (shapeshifter) (Vaults:1)
  37 centaurs
  62 ogres
  12 crocodiles
  2 manticore skeletons (Shoals:1)
  Duvessa (D:7)
  A boring beetle (shapeshifter) (D:14)
  5 big kobolds
  A giant frog (shapeshifter) (Vaults:2)
  8 giant slugs
  3 lost souls (Elf:3)
  Blork the orc (Vaults:3)
  19 giant frogs
  4 cyclops zombies
  An ogre simulacrum (Vaults:1)
  5 scorpions
  A wyvern zombie (D:9)
  A cyclops skeleton (D:13)
  An eye of draining (D:15)
  11 wights
  4 goliath beetles
  4 crimson imps
  8 electric eels
  13 hounds
  Dowan (D:7)
  20 killer bees
  22 orc priests
  2 quasits
  6 iron imps (Depths:2)
  A human simulacrum (Vaults:3)
  Crazy Yiuf (D:4)
  6 jellies
  5 orange rats
  2 elf skeletons
  18 worker ants
  Natasha (twice) (D:4)
  10 big fish
  7 iguanas
  A shapeshifter simulacrum (D:14)
  35 orc wizards
  22 sheep
  Ijyb (D:5)
  Jessica (Vaults:3)
  A hound zombie (D:10)
  A worker ant zombie (D:8)
  39 adders
  4 gnolls
  57 green rats
  An orc skeleton (D:9)
  5 shadow imps
  A white imp (Vaults:1)
  3 giant mites
  6 worms
  An ufetubus (Vaults:5)
  An adder skeleton (D:8)
  2 adder zombies (D:9)
  4 giant eyeballs
  A giant eyeball (shapeshifter) (Depths:2)
  13 giant geckos
  2 oozes
  163 orcs
  21 bats
  9 giant cockroaches
  17 hobgoblins
  26 jackals
  10 quokkas
  5 ball pythons
  5 giant newts
  A giant spore (D:11)
  14 goblins
  28 kobolds
  3 kobold zombies (D:14)
  2 orc zombies
  26 rats
  4 ballistomycetes
  6 crawling corpses
  3 fungi
  7 plants
  8 tentacles
2619 creatures vanquished.

Vanquished Creatures (others)
  Asterion (Shoals:4)
  A tengu reaver (Vaults:5)
  A deep elf high priest (Elf:3)
  3 deep elf knights
  A skeletal warrior (Vaults:2)
  A necromancer (Vaults:3)
  11 drowned souls
  A vault sentinel (Vaults:2)
  A cyclops (Vaults:3)
  A naga mage (Snake:5)
  A yaktaur (Vaults:3)
  A deep elf priest (Vaults:4)
  A deep elf mage (Elf:3)
  A vampire (Vaults:3)
  3 deep elf fighters
  2 humans (Vaults:3)
  3 nagas
  An orc warrior (Vaults:1)
  A centaur (Depths:2)
  An electric eel (D:12)
  A kobold zombie (D:14)
  2 orc wizards
  An orange rat (Elf:1)
  An orc (Vaults:5)
  A giant spore (D:6)
  A rat (D:10)
  11 fungi
  9 plants
  32 tentacles
  392 tentacle segments
  16 toadstools (Lair:1)
504 creatures vanquished.

Grand Total: 3123 creatures vanquished

Notes
Turn   | Place    | Note
--------------------------------------------------------------
     0 | D:1      | Trafet, the Troll Wizard, began the quest for the Orb.
     0 | D:1      | Reached XP level 1. HP: 16/16 MP: 3/3
    12 | D:1      | Reached skill level 1 in Unarmed Combat
    17 | D:1      | Reached XP level 2. HP: 24/24 MP: 3/3
   722 | D:2      | Reached XP level 3. HP: 31/31 MP: 5/5
   759 | D:2      | Reached skill level 3 in Unarmed Combat
   978 | D:2      | Reached XP level 4. HP: 37/39 MP: 5/5
  1181 | D:2      | Reached skill level 4 in Unarmed Combat
  1339 | D:2      | Found a snail-covered altar of Cheibriados.
  1351 | D:2      | Became a worshipper of Cheibriados the Contemplative
  1680 | D:3      | Reached skill level 5 in Unarmed Combat
  1680 | D:3      | Reached XP level 5. HP: 36/45 MP: 3/6
  1777 | D:3      | Learned a level 2 spell: Blink
  1780 | D:3      | Learned a level 2 spell: Repel Missiles
  1784 | D:3      | Learned a level 3 spell: Mephitic Cloud
  1964 | D:3      | Noticed Grinder
  1973 | D:3      | Killed Grinder
  1973 | D:3      | Reached skill level 7 in Unarmed Combat
  1973 | D:3      | Reached XP level 6. HP: 22/53 MP: 7/7
  2089 | D:3      | Noticed Trafet's ghost (average TrWz)
  2102 | D:3      | Killed Trafet's ghost
  2102 | D:3      | Reached XP level 7. HP: 36/59 MP: 4/8
  2488 | D:4      | Noticed Edmund
  2503 | D:4      | Killed Edmund
  2503 | D:4      | Reached skill level 8 in Unarmed Combat
  2702 | D:4      | Noticed Natasha
  2705 | D:4      | Killed Natasha
  2899 | D:4      | Noticed Crazy Yiuf
  2906 | D:4      | Killed Crazy Yiuf
  2994 | D:4      | Noticed Natasha
  2998 | D:4      | Killed Natasha
  3165 | D:4      | Reached skill level 9 in Unarmed Combat
  3200 | D:4      | Noticed Eustachio
  3206 | D:4      | Killed Eustachio
  3206 | D:4      | Reached XP level 8. HP: 60/67 MP: 8/8
  3270 | D:5      | Entered Level 5 of the Dungeon
  3335 | D:5      | Acquired Cheibriados' first power
  3394 | D:5      | Found a sparkling altar of Nemelex Xobeh.
  3465 | D:5      | Reached skill level 10 in Unarmed Combat
  3755 | D:5      | Noticed Ijyb
  3766 | D:5      | Killed Ijyb
  3857 | D:5      | Paralysed by a giant eyeball for 3 turns
  3895 | D:5      | Reached skill level 1 in Fighting
  3972 | D:6      | Reached skill level 1 in Shields
  4003 | D:6      | Acquired Cheibriados' second power
  4025 | D:6      | Found Ixzenace's Antique Armour Emporium.
  4146 | D:6      | Found a bloodstained altar of Trog.
  4656 | D:7      | Reached XP level 9. HP: 77/79 MP: 9/9
  4669 | D:7      | Got a vibrating ivory amulet
  4688 | D:7      | Paralysed by a giant eyeball for 3 turns
  4926 | D:7      | Reached skill level 11 in Unarmed Combat
  5023 | D:7      | Found a staircase to the Ecumenical Temple.
  5034 | D:7      | Noticed Dowan
  5036 | D:7      | Noticed Duvessa
  5046 | D:7      | Killed Duvessa
  5051 | D:7      | Killed Dowan
  5051 | D:7      | Acquired Cheibriados' third power
  6089 | D:8      | Reached XP level 10. HP: 28/91 MP: 10/10
  6282 | D:9      | Found a staircase to the Orcish Mines.
  6343 | D:9      | Found an iron altar of Okawaru.
  6449 | D:9      | Reached skill level 5 in Shields
  6458 | D:9      | Reached skill level 12 in Unarmed Combat
  6644 | D:9      | Noticed Trafet's ghost (experienced TrWz)
  6651 | D:9      | Killed Trafet's ghost
  7121 | D:10     | Entered Level 10 of the Dungeon
  7131 | D:10     | Noticed Psyche
  7289 | Orc:1    | Entered Level 1 of the Orcish Mines
  7670 | Orc:3    | Found a staircase to the Elven Halls.
  7902 | Orc:3    | Noticed trelanon's ghost (powerful VSMo)
  8076 | Orc:2    | Found a bloodstained altar of Trog.
  8438 | D:10     | Killed Psyche
  8438 | D:10     | Reached XP level 11. HP: 55/101 MP: 10/10
  8504 | D:10     | Noticed an orb spider
  8504 | D:10     | a trapdoor spider changed into an orb spider
  8523 | D:10     | Reached skill level 1 in Invocations
  8721 | D:10     | Reached skill level 5 in Dodging
  8861 | D:10     | Noticed Sonja
  9302 | D:11     | Found a staircase to the Lair.
  9811 | D:11     | Reached skill level 13 in Unarmed Combat
 10085 | D:11     | Reached skill level 5 in Fighting
 10494 | D:10     | Killed Sonja
 10741 | D:10     | Found a portal to a secret trove of treasure.
 10901 | D:10     | Identified the amulet "Usoalus" {rCorr Str-3 Int+3} (You found it on level 7 of the Dungeon)
 11132 | D:10     | Noticed Harold
 11150 | D:10     | Killed Harold
 11358 | D:10     | Killed an unseen horror
 11400 | D:10     | Found Waenusin's Antique Armour Shop.
 11801 | Lair:1   | Entered Level 1 of the Lair of Beasts
 11806 | Lair:1   | Reached XP level 12. HP: 111/111 MP: 14/14
 11982 | Lair:1   | Reached skill level 1 in Throwing
 12057 | Lair:1   | Reached skill level 1 in Armour
 12205 | Lair:1   | Reached skill level 5 in Invocations
 12329 | Lair:1   | Found a blossoming altar of Fedhas.
 12836 | Lair:1   | Identified a scroll of acquirement
 13121 | Lair:2   | Noticed Nergalle
 13140 | Lair:2   | Killed Nergalle
 13302 | Lair:2   | Noticed a four-headed hydra
 13312 | Lair:2   | Killed a four-headed hydra
 13837 | Lair:2   | Got a bone scimitar
 13838 | Lair:2   | Identified the +4,+5 scimitar of Troywn {freeze, +Blink MR+} (You found it on level 2 of the Lair of Beasts)
 14102 | Lair:3   | Noticed a four-headed hydra
 14107 | Lair:3   | Killed a four-headed hydra
 14581 | Lair:3   | Reached skill level 14 in Unarmed Combat
 14625 | Lair:3   | Reached XP level 13. HP: 104/120 MP: 16/16
 14734 | Lair:4   | Noticed a seven-headed hydra
 14742 | Lair:4   | Killed a seven-headed hydra
 14896 | Lair:4   | Noticed Fannar
 14905 | Lair:4   | Killed Fannar
 15298 | Lair:5   | Reached skill level 5 in Armour
 15336 | Lair:5   | Found a staircase to the Shoals.
 15591 | Lair:5   | Found a staircase to the Snake Pit.
 16275 | Lair:6   | Found a dark tunnel.
 16296 | Volcano  | Entered a volcano
 16314 | Volcano  | Found a radiant altar of Vehumet.
 17268 | Lair:7   | Found a labyrinth entrance.
 17277 | Lab      | Entered a labyrinth
 17454 | Lab      | Found an exit through the horrors of the Abyss.
 17944 | Lair:7   | Reached skill level 5 in Throwing
 18119 | Lair:7   | Reached XP level 14. HP: 127/133 MP: 17/17
 18241 | Lair:7   | Found a staircase to the Slime Pits.
 18767 | Lair:7   | Reached skill level 15 in Unarmed Combat
 19076 | Lair:8   | Entered Level 8 of the Lair of Beasts
 19137 | Lair:7   | Reached skill level 10 in Shields
 20607 | Snake:1  | Entered Level 1 of the Snake Pit
 20813 | Snake:1  | Noticed Snorg
 20820 | Snake:1  | Noticed Urug
 20823 | Snake:1  | Killed Snorg
 20828 | Snake:1  | Killed Urug
 20873 | Snake:1  | Found Styerask's Assorted Antiques.
 20898 | Snake:1  | Found Chisel's Weapon Shop.
 21029 | Snake:1  | Bought a scroll of teleportation for 69 gold pieces
 21029 | Snake:1  | Bought a potion of heal wounds for 69 gold pieces
 21183 | Snake:1  | Reached XP level 15. HP: 143/143 MP: 18/18
 21377 | Snake:1  | Noticed Roxanne
 21403 | Snake:1  | Killed Roxanne
 21405 | Snake:1  | Identified Roxanne's Disquisition on Transmigration and Stones (You took it off Roxanne on level 1 of the Snake Pit)
 22146 | Snake:2  | Found a shadowy altar of Dithmenos.
 22314 | Snake:2  | Reached skill level 16 in Unarmed Combat
 22536 | Snake:2  | Noticed kroki's ghost (mighty MiCK)
 22558 | Snake:2  | Killed kroki's ghost
 23018 | Shoals:1 | Entered Level 1 of the Shoals
 23337 | Shoals:1 | Noticed Aizul
 23353 | Shoals:1 | Killed Aizul
 23750 | Shoals:1 | Noticed Josephine
 23754 | Shoals:1 | Killed Josephine
 23865 | Shoals:1 | Noticed Agnes
 23880 | Shoals:1 | Killed Agnes
 23880 | Shoals:1 | Reached XP level 16. HP: 68/153 MP: 19/19
 26158 | Shoals:4 | Reached skill level 10 in Armour
 26621 | Shoals:4 | Noticed Asterion
 26638 | Shoals:4 | Killed Asterion
 26654 | Shoals:4 | Reached skill level 17 in Unarmed Combat
 27834 | Orc:3    | Killed trelanon's ghost
 28150 | Orc:4    | Entered Level 4 of the Orcish Mines
 28358 | Orc:4    | Found Boecwef's General Store.
 29297 | Orc:4    | Found Iloij's Antique Weapon Shop.
 29307 | Orc:4    | Found Dudeujod's Antique Weapon Shoppe.
 29307 | Orc:4    | Paralysed by an orc sorcerer for 3 turns
 29311 | Orc:4    | Found Taotuish's Distillery.
 29311 | Orc:4    | Found Ohuekas' Distillery.
 29325 | Orc:4    | Dudeujod's Antique Weapon Shoppe was a mimic.
 29334 | Orc:4    | Bought a potion of heal wounds for 48 gold pieces
 29334 | Orc:4    | Bought a potion of curing for 32 gold pieces
 29334 | Orc:4    | Bought a potion of heal wounds for 48 gold pieces
 29436 | Orc:4    | Bought a potion of heal wounds for 54 gold pieces
 29638 | D:12     | Found Buttanu's Antique Armour Shop.
 29645 | D:12     | Bought a glowing cloak for 144 gold pieces
 29649 | D:12     | Identified a +0 cloak of preservation (You bought it in a shop on level 12 of the Dungeon)
 29649 | D:12     | Bought a shiny shield for 144 gold pieces
 30424 | D:13     | Found a white marble altar of Elyvilon.
 30635 | D:13     | Noticed Gastronok
 30643 | D:13     | Killed Gastronok
 30643 | D:13     | Reached XP level 17. HP: 163/163 MP: 20/20
 31526 | Shoals:5 | Entered Level 5 of the Shoals
 31755 | Shoals:5 | Noticed Ilsuiw
 31798 | Shoals:5 | Killed Ilsuiw
 32202 | Shoals:5 | Found a glowing silver altar of Zin.
 33053 | Shoals:5 | Got a barnacled rune of Zot
 34016 | Snake:3  | Reached skill level 10 in Fighting
 34288 | Snake:3  | Reached skill level 18 in Unarmed Combat
 34813 | Snake:4  | Reached XP level 18. HP: 97/174 MP: 21/21
 35009 | Snake:4  | Found a radiant altar of Vehumet.
 35779 | Snake:5  | Entered Level 5 of the Snake Pit
 38094 | Snake:5  | Reached XP level 19. HP: 180/184 MP: 21/21
 38455 | Snake:5  | Reached skill level 10 in Dodging
 38753 | Snake:5  | Got a serpentine rune of Zot
 39201 | D:14     | Noticed Frances
 39331 | D:14     | Killed Frances
 39515 | D:14     | Noticed Maud
 39521 | D:14     | Killed Maud
 39541 | D:14     | Reached skill level 19 in Unarmed Combat
 40083 | D:14     | Found a gate to the Vaults.
 40109 | Vaults:1 | Entered Level 1 of the Vaults
 42821 | Vaults:2 | Reached XP level 20. HP: 147/196 MP: 21/21
 43744 | Vaults:2 | Reached skill level 20 in Unarmed Combat
 45182 | Vaults:3 | Noticed Blork the orc
 45189 | Vaults:3 | Killed Blork the orc
 45556 | Vaults:3 | Reached skill level 15 in Shields
 45845 | Vaults:3 | Found Bruastrai's Jewellery Boutique.
 45853 | Vaults:3 | Bought a +3,+3 ring of slaying for 1011 gold pieces
 45873 | Vaults:3 | Reached XP level 21. HP: 204/204 MP: 22/22
 46039 | Vaults:3 | Noticed Jessica
 46046 | Vaults:3 | Reached skill level 15 in Armour
 46053 | Vaults:3 | Killed Jessica
 46395 | Vaults:3 | Found a staircase to the Crypt.
 47238 | Vaults:4 | Found a staircase to the Hall of Blades.
 47456 | Vaults:4 | Reached skill level 21 in Unarmed Combat
 47798 | Vaults:4 | Found an iron altar of Okawaru.
 48341 | Blade    | Entered the Hall of Blades
 49000 | Vaults:5 | Entered Level 5 of the Vaults
 49706 | Vaults:5 | Noticed Boris
 49716 | Vaults:4 | Reached XP level 22. HP: 101/215 MP: 8/23
 50236 | D:15     | Entered Level 15 of the Dungeon
 50278 | D:15     | Found a magical portal.
 50288 | WizLab   | Entered a wizard's laboratory
 50559 | WizLab   | Gained mutation: Your muscles are strong. (Str +2) [a cacodemon]
 50565 | WizLab   | Gained mutation: You are frail (-10% HP). [a cacodemon]
 50565 | WizLab   | Gained mutation: Your vision is a little blurry. [a cacodemon]
 50566 | WizLab   | Lost mutation: Your muscles are strong. (Str +2) [a cacodemon]
 50566 | WizLab   | Gained mutation: Your body is slowly deteriorating. [a cacodemon]
 50801 | WizLab   | Found a burning altar of Makhleb.
 50833 | WizLab   | Identified the Compendium of Captivating Creation
 50835 | WizLab   | Identified Sapiesewuz's Compendium of the Escort
 51255 | Lair:2   | Identified a +0 rod of shadows (13/13) (You found it in a wizard's laboratory)
 51261 | Lair:2   | Lost mutation: Your body is slowly deteriorating. [potion of cure mutation]
 51261 | Lair:2   | Lost mutation: You are frail (-10% HP). [potion of cure mutation]
 51261 | Lair:2   | Lost mutation: Your vision is a little blurry. [potion of cure mutation]
 51586 | D:15     | Paralysed by an orc sorcerer for 2 turns
 51616 | D:15     | Found a staircase to the Depths.
 52625 | Trove    | Entered a treasure trove
 52658 | Trove    | Got a glittering sapphire amulet
 52682 | Trove    | Got a twitching lapis lazuli ring
 52720 | Trove    | Identified the amulet "Iffuinoi" {Spirit rPois} (You found it in a treasure trove)
 52721 | Trove    | Identified the ring of Cloucu {Hunger- rC+} (You found it in a treasure trove)
 52919 | D:11     | Noticed a centaur warrior
 52927 | D:11     | Killed a centaur warrior
 53132 | Depths:1 | Entered Level 1 of the Depths
 53132 | Depths:1 | Found a sparkling altar of Nemelex Xobeh.
 53169 | Depths:1 | Paralysed by a giant eyeball for 2 turns
 53448 | Depths:1 | Reached skill level 22 in Unarmed Combat
 54155 | Depths:1 | Found a gateway to Hell.
 55230 | Depths:2 | Found a glowing golden altar of the Shining One.
 55278 | Depths:2 | Reached XP level 23. HP: 226/226 MP: 23/23
 55332 | Depths:2 | Got a glittering marble ring
 55333 | Depths:2 | Identified the ring "Ceath" {+cTele rF++ rC+ Int+2} (You found it on level 2 of the Depths)
 56145 | Lair:2   | Learned a level 1 spell: Summon Butterflies
 56229 | Elf:1    | Entered Level 1 of the Elven Halls
 56254 | Elf:1    | Found a radiant altar of Vehumet.
 56260 | Elf:1    | Reached skill level 1 in Conjurations
 57618 | Elf:2    | Found Dupas' Armour Boutique.
 58161 | Elf:3    | Entered Level 3 of the Elven Halls
 59614 | Elf:3    | Gained mutation: You have a beak for a mouth. [a cacodemon]
 59614 | Elf:3    | Gained mutation: You are weak. (Str -2) [a cacodemon]
 59640 | Elf:3    | Reached skill level 23 in Unarmed Combat
 59827 | Elf:3    | Identified Filan's Lost Secrets of Witchery (You found it on level 3 of the Elven Halls)
 59852 | Elf:3    | Reached skill level 1 in Translocations
 60152 | Elf:3    | Got a brightly glowing wooden ring
 60174 | Elf:3    | Learned a level 7 spell: Controlled Blink
 60178 | Elf:3    | Learned a level 3 spell: Regeneration
 60214 | Elf:3    | Got a transparent ivory ring
 60311 | Elf:3    | Identified a +3 rod of striking (12/12) (You took it off a deep elf demonologist on level 3 of the Elven Halls)
 60316 | Elf:3    | Got a warped spear
 60317 | Elf:3    | Identified the +0,+0 spear "Nyhuvau" {holy, rElec rPois rF++ rC++ Dex+2} (You found it on level 3 of the Elven Halls)
 60953 | Vaults:4 | Killed Boris
 61870 | Vaults:5 | Reached skill level 5 in Translocations
 61898 | Vaults:5 | Reached XP level 24. HP: 236/236 MP: 26/26
 62408 | Vaults:5 | Reached skill level 5 in Spellcasting
 62849 | Vaults:5 | Got a pitted crystal amulet
 62860 | Vaults:5 | Cast into the Abyss (deep elf sorcerer)
 62879 | Abyss:1  | Identified the Papyrus of Aerial Poisoning
 62923 | Vaults:5 | Escaped the Abyss
 63348 | Vaults:5 | Identified the amulet of Ekeynwuts {Stasis rElec SInv Stlth+} (You took it off a deep elf knight on level 5 of the Vaults)
 63348 | Vaults:5 | Identified the ring "Ydghuros" {+Fly rC+ Acc-5 SInv} (You took it off a deep elf annihilator on level 3 of the Elven Halls)
 63361 | Vaults:5 | Got a silver rune of Zot
 63485 | Vaults:5 | Found Nugy's Gadget Shoppe.
 63503 | Vaults:5 | Demolished by a titan

Action                   |  1- 3 |  4- 6 |  7- 9 | 10-12 | 13-15 | 16-18 | 19-21 | 22-24 || total
-------------------------+-------+-------+-------+-------+-------+-------+-------+-------++-------
Melee: Unarmed           |   107 |   117 |   410 |  1094 |  1446 |  1988 |  1954 |  1592 ||  8708
       Spear             |       |       |       |       |       |       |       |    18 ||    18
Throw: Tomahawk          |       |       |     3 |    37 |    17 |    20 |       |       ||    77
       Large rock        |       |       |       |    14 |    56 |    10 |     3 |    22 ||   105
       Javelin           |       |       |       |       |       |    35 |    28 |     4 ||    67
 Cast: Magic Dart        |     2 |    11 |     7 |       |       |       |       |       ||    20
       Repel Missiles    |       |     1 |       |       |     1 |     4 |     7 |    16 ||    29
       Blink             |       |       |       |       |       |     1 |     7 |     7 ||    15
       Mephitic Cloud    |       |       |       |       |       |       |       |     1 ||     1
Invok: Slouch            |       |       |       |     1 |     8 |    17 |    22 |    11 ||    59
       Bend Time         |       |       |       |       |       |     2 |       |       ||     2
       Temporal Distorti |       |       |       |       |       |     2 |     1 |       ||     3
 Abil: Evoke Flight      |       |       |       |       |       |    14 |       |       ||    14
Evoke: Wand              |       |       |       |     6 |     5 |     4 |     1 |     3 ||    19
  Use: Scroll            |       |     7 |     1 |    22 |    11 |    17 |     7 |    17 ||    82
       Potion            |       |       |       |     4 |     4 |    15 |     5 |    10 ||    38
 Stab: Sleeping          |       |       |     4 |     3 |       |       |       |       ||     7
       Distracted        |       |       |       |     1 |       |     2 |       |       ||     3
       Confused          |       |       |       |       |       |       |       |     1 ||     1
